[Event "*** Titled Tuesday Blitz"]
[Site "Chess.com"]
[Date "2021.03.09"]
[Round "2"]
[White "LEGENYA1998"]
[Black "Bastiandash"]
[Result "0-1"]
[WhiteElo "2259"]
[BlackElo "2473"]
[TimeControl "180+1"]
[EndTime "10:19:02 PST"]
[Termination "Bastiandash won by resignation"]

1. e4 c5 2. Nf3 e6 3. Bc4 a6 4.
d3 d5 5. exd5 exd5 6. Bb3 Nf6 7.
O-O Be7 8. h3 O-O 9. Nc3 b5 10. a4 b4 11. Ne2 Qc7 12. c3 a5 13.
d4 bxc3 14. Nxc3 Be6 15. Bg5 Rd8 16. dxc5 Qxc5 17. Nd4 Nc6 18. Be3 Qd6 19. Rc1 Nxd4 20. Bxd4 Rab8 21. Nb5 Qb4 22. Bc2 Ne4 23. Re1 Bf5 24.
f3 Ng3 25. Be5 Bxc2 26. Qxc2 Rxb5 27. axb5 Nh5 28. Qc7 Re8 29. Bc3 Qh4 30. Red1 Nf4 31. Qe5 Qg3 32. Qxg7+ Qxg7 33. Bxg7 Kxg7 34. b6 Ne2+ 35.
Kf2 Nxc1 36. Rxc1 Rb8 37. Rc6 Rxb6 0-1

[Event "*** Titled Tuesday Blitz"]
[Site "Chess.com"]
[Date "2021.03.09"]
[Round "2"]
[White "OMGCovid-19"]
[Black "KubaGepard"]
[Result "0-1"]
[WhiteElo "2076"]
[BlackElo "2397"]
[TimeControl "180+1"]
[EndTime "10:19:02 PST"]
[Termination "KubaGepard won on time"]

1. e4 c5 2. Nf3 d6 3. d4 cxd4 4. Qxd4 Nc6 5. Bb5 a6 6. Bxc6+ bxc6 7. Nc3 e5 8. Qd3 Ne7 9. Bg5 f6 10. Bh4 Ng6 11. Bg3 Be7 12. h4 h5 13. O-O Be6 14. Rad1 O-O 15. Nd2 f5 16. Nc4 f4 17.
Bh2 Qc7 18. g3 f3 19. Nd2 Bg4 20. Qe3 Kh7 21. Nc4 Rf7 22. Qd3 Rf6 23. Ne3 Bh3 24. Rfe1 Raf8 25. Nf5 Bxf5 26. exf5 Rxf5 27. Ne4 d5 28. g4 dxe4 29. Rxe4 hxg4 30. Rxg4 Qd8 31. Qf1 Qe8 32. Qd3 Qf7 33. h5 Nf4 34. Bxf4 exf4 35. Rxf4 Kh6 36. Rg4 Rd8 37. Qe3+ Kh7 38. Rxd8 Bxd8 39.
Qe4 Qxh5 40. Rf4 Qg6+ 41. Kf1 Rxf4 42. Qxf4 Qg2+ 43. Ke1 Qg1+ 44. Kd2 Bg5 0-1

[Event "*** Titled Tuesday Blitz"]
[Site "Chess.com"]
[Date "2021.03.09"]
[Round "2"]
[White "volunteers1998"]
[Black "Arvids_Andrejevs"]
[Result "1-0"]
[WhiteElo "2192"]
[BlackElo "2403"]
[TimeControl "180+1"]
[EndTime "10:19:05 PST"]
[Termination "volunteers1998 won by resignation"]

1. e4 e5 2. Nc3 Nf6 3. Bc4 Nxe4 4. Qh5 d5 5. Bxd5 Nd6 6. Qxe5+ Qe7 7. Qxe7+ Bxe7 8. d3 O-O 9. Nf3 c6 10. Bb3 Bf6 11.
O-O a5 12. a4 Bg4 13. Bg5 Bxc3 14. bxc3 Bxf3 15. gxf3 Re8 16. Rfe1 Nd7 17. d4 Nb6 18. Kf1 Nbc4 19. Rxe8+ Rxe8 20. Re1 Rxe1+ 21. Kxe1 b5 22. Be7 bxa4 23. Bxa4 Nb5 24. Bd8 Nxc3 25. Bb3 Nd6 26. Bxa5 Ncb5 27. c3 g5 28. Kd2 Kg7 29. Kd3 Nf5 30. Bb6 Nh4 31. c4 Nd6 32. Ba4 Nxf3 33. Bxc6 Nxh2 34. Bc7 Nxc4 35. Kxc4 Ng4 36. d5 h5 37. d6 Nf6 38. d7 Nxd7 39. Bxd7 Kg6 40.
Kd4 f5 41. Be8+ Kh6 42. Ke5 f4 43. Kf5 f3 44. Bd8 g4 45. Bg5+ Kg7 46. Bxh5 g3 47.
fxg3 f2 48. Be2 1-0

[Event "*** Titled Tuesday Blitz"]
[Site "Chess.com"]
[Date "2021.03.09"]
[Round "2"]
[White "A-S-00"]
[Black "Trovita84"]
[Result "1-0"]
[WhiteElo "2393"]
[BlackElo "2066"]
[TimeControl "180+1"]
[EndTime "10:19:06 PST"]
[Termination "A-S-00 won by resignation"]

1. d4 Nf6 2. Nf3 g6 3. c4 Bg7 4. Nc3 d6 5. e4 O-O 6. Be2 c5 7. O-O cxd4 8. Nxd4 Nc6 9. Nc2 Nd7 10. Be3 a6 11.
Rb1 Rb8 12. Nd4 Nde5 13. f3 Nxd4 14. Bxd4 Nc6 15. Bxg7 Kxg7 16. Qd2 e5 17. Rfd1 Nd4 18. Bf1 Be6 19. Ne2 Nxe2+ 20. Bxe2 Qb6+ 21. Kh1 Rfd8 22. b3 Qf2 23. Rf1 Qb6 24. Rbd1 Qc5 25. f4 f5 26. Bd3 Rf8 27. Qc3 fxe4 28. Bxe4 b5 29. fxe5 dxe5 30. Rfe1 bxc4 31. bxc4 Rb4 32. Bd3 Bxc4 33.
Rxe5 Qc7 34. Re7+ 1-0

[Event "*** Titled Tuesday Blitz"]
[Site "Chess.com"]
[Date "2021.03.09"]
[Round "2"]
[White "Geller_Jakov"]
[Black "Speed-O-Sonic"]
[Result "1-0"]
[WhiteElo "2615"]
[BlackElo "2288"]
[TimeControl "180+1"]
[EndTime "10:19:07 PST"]
[Termination "Geller_Jakov won by resignation"]

1. e4 c6 2. d4 d5 3. exd5 cxd5 4. c3 Nc6 5. Bf4 Nf6 6. h3 Bf5 7. Bd3 Bxd3 8. Qxd3 e6 9. Nf3 Bd6 10. Bxd6 Qxd6 11.
Nbd2 O-O 12. O-O Rfe8 13. Rfe1 e5 14. dxe5 Nxe5 15. Nxe5 Rxe5 16. Nf3 Rxe1+ 17. Rxe1 Re8 18. Rxe8+ Nxe8 19. Qe3 Qd7 20. Qxa7 f6 21. Nd4 Nd6 22. Qa5 Nc4 23. Qa8+ Kf7 24. b3 Nd6 25. Qa5 Ne4 26.
f3 Ng3 27. Qb5 Qxb5 28. Nxb5 Ne2+ 29. Kf2 Nc1 30. a4 Nxb3 31. Nd6+ Ke7 32. Nxb7 Kd7 33. a5 Kc7 34. a6 Kb6 35. Nd6 g6 36. Ne8 f5 37. Nf6 Kxa6 38. Nxd5 Kb5 39. Nf6 h6 40. Ng8 Kc4 41. Nxh6 Kxc3 42. Ng8 Kd4 43. Ne7 Ke5 44. Nxg6+ Kf6 45. Nf4 Nd4 46. h4 Nc6 47. Ke3 Ne7 48. Kd4 Nc6+ 49. Kd5 Nb4+ 50. Kd6 Nc2 51. Nd5+ Kg6 52.
Ke5 Ne1 53. Nf4+ Kh6 54. Kxf5 Nc2 55. g4 Ne3+ 56. Ke4 Nd1 57. g5+ Kg7 58. h5 Nf2+ 59. Kf5 Nh3 60. Nxh3 1-0

[Event "*** Titled Tuesday Blitz"]
[Site "Chess.com"]
[Date "2021.03.09"]
[Round "2"]
[White "NaciSAN"]
[Black "Oligan22"]
[Result "1/2-1/2"]
[WhiteElo "2279"]
[BlackElo "2474"]
[TimeControl "180+1"]
[EndTime "10:19:07 PST"]
[Termination "Game drawn by repetition"]

1. e4 e5 2. Nf3 d6 3. d4 exd4 4. Qxd4 Nf6 5. Nc3 Be7 6. Bg5 O-O 7. Qd2 h6 8. Bf4 Nbd7 9. O-O-O Re8 10. Bc4 Bf8 11. Rhe1 Nb6 12. Bb3 Be6 13. Kb1 Nfd7 14. h3 Qf6 15. Bg3 Nc5 16. Bxe6 Rxe6 17. Nd5 Nxd5 18.
exd5 Re4 19. Rxe4 Nxe4 20. Qd4 Qxd4 21. Nxd4 Nxg3 22. fxg3 Re8 23. Kc1 a6 24. Kd2 Be7 25. Re1 Kf8 26. Kd3 Bf6 27. Rxe8+ Kxe8 28. c4 Kd7 29. g4 a5 30. b3 Be5 31. Nf5 c6 32. dxc6+ bxc6 33. Ke4 Ke6 34. Nd4+ Kd7 35. a3 g6 36. b4 axb4 37. axb4 Bg7 38. b5 Bxd4 39. Kxd4 Kc7 40. Kc3 Kb6 41. Kb4 cxb5 42. cxb5 d5 43. g3 h5 44. gxh5 gxh5 45. g4 hxg4 46. hxg4 f6 47. Ka4 d4 48. Kb4 d3 49. Kc3 Kxb5 50. Kxd3 Kc5 51. Ke4 Kd6 52. Kf5 Ke7 53. Kg6 Ke6 54. Kg7 Ke5 55. Kg6 Ke6 56. Kg7 Ke7 57. Kg6 Ke6 1/2-1/2

[Event "*** Titled Tuesday Blitz"]
[Site "Chess.com"]
[Date "2021.03.09"]
[Round "2"]
[White "KuzubovYuriy"]
[Black "SerGo055"]
[Result "0-1"]
[WhiteElo "2915"]
[BlackElo "2599"]
[TimeControl "180+1"]
[EndTime "10:19:08 PST"]
[Termination "SerGo055 won on time"]

1. d4 Nf6 2. Nf3 e6 3. c4 d5 4. Nc3 c6 5. e3 Nbd7 6. Be2 Bd6 7. b3 O-O 8. Bb2 Qe7 9. O-O dxc4 10. bxc4 e5 11. Qc2 Re8 12. Rae1 e4 13. Nd2 Nf8 14. f3 exf3 15. Bxf3 Ng6 16. e4 Bf4 17. e5 Ng4 18.
Bxg4 Bxg4 19. Nde4 Rad8 20. h3 Bf5 21. Qf2 Qb4 22. Nd6 Bd3 23. Nce4 Bxf1 24. Rxf1 Rf8 25. Bc3 Qa3 26. g3 Bh6 27. c5 Rd7 28. Rb1 Qa6 29.
Kg2 Qd3 30. Rf1 f6 31. e6 Re7 0-1

[Event "*** Titled Tuesday Blitz"]
[Site "Chess.com"]
[Date "2021.03.09"]
[Round "2"]
[White "Natalya_Buksa"]
[Black "K_A_S_T_O_R"]
[Result "0-1"]
[WhiteElo "2521"]
[BlackElo "2792"]
[TimeControl "180+1"]
[EndTime "10:19:08 PST"]
[Termination "K_A_S_T_O_R won on time"]

1. e4 c5 2. c3 Nf6 3. e5 Nd5 4. Bc4 Nb6 5. Bb3 d5 6. exd6 Qxd6 7. Na3 a6 8. Ne2 Nc6 9. d4 cxd4 10. O-O d3 11. Nf4 e5 12. Nxd3 Bf5 13. Nb4 Qxd1 14. Rxd1 Nxb4 15. cxb4 Bxb4 16. Be3 Nd7 17. Nc4 b5 18. Nd6+ Bxd6 19. Rxd6 Ke7 20. Rd2 Rhc8 21. f3 h6 22. a4 Be6 23. Bc2 b4 24. Be4 Rab8 25. g4 Nc5 26. Bc2 a5 27. Kf2 Rb7 28. Bd1 Rbc7 29. h4 f6 30. h5 Rc6 31. Kg3 Rd6 32. Rxd6 Kxd6 33. Be2 Bd5 34. Rd1 Ke6 35. Bb5 Bb3 36. Rc1 Kd6 37. Re1 Nxa4 0-1

[Event "*** Titled Tuesday Blitz"]
[Site "Chess.com"]
[Date "2021.03.09"]
[Round "2"]
[White "mbojan"]
[Black "Kaslask"]
[Result "1-0"]
[WhiteElo "2626"]
[BlackElo "2333"]
[TimeControl "180+1"]
[EndTime "10:19:08 PST"]
[Termination "mbojan won on time"]

1. g3 g6 2. Bg2 Bg7 3. Nf3 c5 4.
O-O Nc6 5. c3 e6 6. d4 cxd4 7.
cxd4 Nge7 8. Nc3 d5 9. Bf4 a6 10. Rc1 h6 11. Qd2 g5 12. Be3 Nf5 13. Rfd1 O-O 14.
Bh3 Nxe3 15. Qxe3 Qd6 16. Bg2 b5 17. h4 f6 18. Qd2 Bb7 19. e4 Rad8 20. hxg5 hxg5 21.
exd5 exd5 22. Ne1 Ne7 23. Nd3 Nf5 24. Nc5 Ba8 25. Bh3 Nxd4 26. Qxd4 f5 27. Qe3 d4 28. Qe6+ Kh7 29. Qxd6 Rxd6 30. Ne2 f4 31. Bg4 Rh6 32. f3 fxg3 33. Nxd4 Rc8 34. Ncb3 Rd8 35.
Nf5 Rh2 36. Rxd8 Rxb2 37. Rxa8 Rxa2 38. Nxg3 Rb2 39. Ra7 1-0

[Event "*** Titled Tuesday Blitz"]
[Site "Chess.com"]
[Date "2021.03.09"]
[Round "2"]
[White "IljaJoke"]
[Black "miredenizdogan"]
[Result "1-0"]
[WhiteElo "2476"]
[BlackElo "2260"]
[TimeControl "180+1"]
[EndTime "10:19:08 PST"]
[Termination "IljaJoke won by resignation"]

1. e4 e6 2. d4 d5 3. exd5 exd5 4. Nf3 Bd6 5. c4 Bb4+ 6. Nc3 Nf6 7. cxd5 O-O 8. Bc4 Nxd5 9. O-O Nxc3 10. bxc3 Bxc3 11. Bg5 Qd6 12. Rc1 Ba5 13. Ne5 Be6 14. Bd3 h6 15. Bxh6 gxh6 16. Qh5 Bc8 17. Rc5 Bd2 18. Ng4 Bxg4 19. Qxg4+ Kh8 20. Qf5 Qg6 21. Qe5+ Qg7 22. Qxc7 Na6 23. Qxb7 Nxc5 24. dxc5 Rab8 25. Qxa7 Rg8 26. g3 Rb2 27. c6 Bc3 28. c7 Bd4 29. Qa6 Bxf2+ 30. Rxf2 Rxf2 31. Kxf2 Qd4+ 32. Kg2 Qd5+ 33.
Kg1 Qd4+ 34. Kg2 Qd5+ 35. Kh3 Qe6+ 36. Qxe6 fxe6 37. Ba6 Kg7 38. c8=Q Rd8 39. Qxd8 1-0

[Event "*** Titled Tuesday Blitz"]
[Site "Chess.com"]
[Date "2021.03.09"]
[Round "2"]
[White "SharapovEvgeny"]
[Black "lelya96"]
[Result "1/2-1/2"]
[WhiteElo "2453"]
[BlackElo "2252"]
[TimeControl "180+1"]
[EndTime "10:19:08 PST"]
[Termination "Game drawn by repetition"]

1. e4 e5 2. Nf3 Nc6 3. Bb5 a6 4. Ba4 Nf6 5. O-O b5 6. Bb3 Bc5 7.
Re1 d6 8. c3 O-O 9. h3 h6 10.
d4 Bb6 11. Be3 Bb7 12. Nbd2 Re8 13. d5 Ne7 14. Bxb6 cxb6 15. c4 bxc4 16. Nxc4 b5 17. Ncd2 Ng6 18. Rc1 Qd7 19. Nf1 Rac8 20. Ng3 Rxc1 21.
Qxc1 Rc8 22. Qd2 Nf4 23. Kh2 Qc7 24. Nf5 a5 25. g3 Ng6 26. Qe3 a4 27. Bd1 Qd7 28.
N3h4 Nxh4 29. Nxh4 Rc4 30. f3 b4 31. Be2 Rc2 32. f4 exf4 33. gxf4 Ba6 34. Kg3 Bxe2 35. Rxe2 Nh5+ 36. Kh2 Rxe2+ 37. Qxe2 Nxf4 38. Qf3 Ng6 39. Nf5 Qc7 40. Qg2 Qc1 41. Nxd6 Qf4+ 42. Qg3 Qd2+ 43.
Qg2 Qf4+ 44. Qg3 Qd2+ 45. Qg2 Qf4+ 1/2-1/2

[Event "*** Titled Tuesday Blitz"]
[Site "Chess.com"]
[Date "2021.03.09"]
[Round "2"]
[White "SergeyShtyka"]
[Black "beto-betun"]
[Result "1/2-1/2"]
[WhiteElo "2441"]
[BlackElo "2221"]
[TimeControl "180+1"]
[EndTime "10:19:08 PST"]
[Termination "Game drawn by repetition"]

1. e4 c5 2. Nf3 d6 3. d4 cxd4 4. Nxd4 Nf6 5. Nc3 a6 6. Bd3 e5 7. Nde2 Be7 8. O-O O-O 9. h3 Nbd7 10. Be3 b5 11. a3 Bb7 12. Ng3 Rc8 13. Kh1 Nc5 14. Qe2 g6 15. f4 exf4 16. Bxf4 Nfd7 17. Bh6 Re8 18. Nf5 Ne5 19. Ne3 Bg5 20. Bxg5 Qxg5 21.
Ncd5 Bxd5 22. Nxd5 Ncd7 23. a4 bxa4 24. Rxa4 Nc5 25. Raa1 Re6 26. Bxa6 Nxa6 27. Qxa6 Rxc2 28. Rg1 Ng4 29. Raf1 Nf2+ 30. Rxf2 Rxf2 31. Qc8+ Kg7 32.
Qc3+ Kh6 33. Qd3 Qe5 34. b4 Qxe4 35. Qd1 Qe2 36. Qc1+ Kg7 37. Qa1+ Kh6 38. Qc1+ Kg7 39. Qa1+ Kh6 40. Qc1+ 1/2-1/2

[Event "*** Titled Tuesday Blitz"]
[Site "Chess.com"]
[Date "2021.03.09"]
[Round "2"]
[White "mishanick"]
[Black "Sadykov_Ramil"]
[Result "1-0"]
[WhiteElo "3005"]
[BlackElo "2587"]
[TimeControl "180+1"]
[EndTime "10:19:10 PST"]
[Termination "mishanick won by resignation"]

1. c4 e6 2. Nc3 d5 3. d4 Nf6 4. cxd5 exd5 5. Bg5 c6 6. e3 Be7 7. Bd3 Nbd7 8. Qc2 Nf8 9. Nf3 Ne6 10. Bh4 g6 11. O-O-O Ng7 12. Rhe1 Bf5 13. e4 dxe4 14.
Nxe4 O-O 15. Nc5 b6 16. Nb3 Rc8 17. Kb1 Bxd3 18. Rxd3 Nf5 19. Bg5 Nd5 20. Bxe7 Ndxe7 21. g4 Ng7 22. Ne5 Qd6 23. Qd2 Nd5 24. Qh6 f6 25. Rh3 fxe5 26. Qxh7+ Kf7 27. Rf3+ Nf6 28. Qh4 exd4 29. g5 Nf5 30. Rxf5 gxf5 31. gxf6 Rh8 32. Qg5 Rcg8 33. Qxf5 Qxf6 34. Qd7+ Kg6 35. Re6 1-0

[Event "*** Titled Tuesday Blitz"]
[Site "Chess.com"]
[Date "2021.03.09"]
[Round "2"]
[White "TST2014"]
[Black "ARTHURMOTIVATOR"]
[Result "1-0"]
[WhiteElo "2631"]
[BlackElo "2339"]
[TimeControl "180+1"]
[EndTime "10:19:10 PST"]
[Termination "TST2014 won by resignation"]

1. d4 Nf6 2. c4 g6 3. Nc3 Bg7 4. e4 d6 5. Nf3 O-O 6. Be2 e5 7. O-O Nc6 8. d5 Ne7 9. b4 Nh5 10. g3 f5 11. Ng5 Nf6 12. Bf3 Rb8 13. a4 h6 14. Ne6 Bxe6 15. dxe6 Qc8 16. Nd5 Qxe6 17.
Nxc7 Qxc4 18. Qxd6 Nc6 19. exf5 e4 20. Bd1 Ne8 21.
Nxe8 Rbxe8 22. Rb1 Rf6 23. Qxf6 Bxf6 24. Bb3 Qxb3 25.
Rxb3 Nd4 26. Rb1 gxf5 27. Bxh6 Kf7 28. Kg2 Nf3 29. h3 Rc8 30. Rfc1 Rd8 31. Rc7+ Kg6 32. Bf4 Rd3 33. Rxb7 Ra3 34. Rxa7 Ra2 35. Be3 f4 36. gxf4 Nh4+ 37. Kf1 Nf3 38. b5 Kf5 39. b6 Rc2 1-0

[Event "*** Titled Tuesday Blitz"]
[Site "Chess.com"]
[Date "2021.03.09"]
[Round "2"]
[White "Kale36"]
[Black "Blazinq"]
[Result "1-0"]
[WhiteElo "2325"]
[BlackElo "2582"]
[TimeControl "180+1"]
[EndTime "10:19:12 PST"]
[Termination "Kale36 won by resignation"]

1. b3 e5 2. Bb2 Nc6 3. e3 Nf6 4. Bb5 Qe7 5. Nf3 e4 6. Nd4 Qe5 7. Bxc6 dxc6 8. Nc3 Bg4 9. f3 Bh5 10. Na4 c5 11. Nb5 Qe7 12. g4 Nxg4 13. fxg4 Qh4+ 14.
Kf1 Bxg4 15. Qe1 Qf6+ 16. Bxf6 Bh3+ 17. Kf2 gxf6 18. Nxc7+ Kd7 19. Nxa8 f5 20. d4 Be7 21.
Nxc5+ Kc6 22. Ke2 Bg4+ 23. Kd2 Rxa8 24. Rg1 Bf3 25. Qg3 b6 26. Qe5 Bd6 27. Qxf5 bxc5 28. Raf1 Rd8 29. Rxf3 exf3 30. Qxf3+ Kb6 31. Ke2 cxd4 32.
exd4 Rc8 33. c4 Re8+ 34. Kd3 Bxh2 35. Rg5 a6 36. Qf6+ Re6 37. Qxf7 Rh6 38. c5+ Ka5 39.
c6+ Kb4 40. Qc4+ Ka3 41. Qa4+ Kb2 42. Rg2+ Ka1 43. Rxh2 Rxh2 44. c7 1-0

[Event "*** Titled Tuesday Blitz"]
[Site "Chess.com"]
[Date "2021.03.09"]
[Round "2"]
[White "FairChess_on_YouTube"]
[Black "gross-aleks"]
[Result "1-0"]
[WhiteElo "2965"]
[BlackElo "2580"]
[TimeControl "180+1"]
[EndTime "10:19:13 PST"]
[Termination "FairChess_on_YouTube won by resignation"]

1. Nf3 Nf6 2. c4 e6 3. b3 d5 4. Bb2 c5 5. e3 a6 6. cxd5 Nxd5 7. Nc3 Nc6 8. Qb1 Nf6 9. Bd3 Be7 10. O-O Nb4 11. Be2 O-O 12. Rd1 Qc7 13. Ne4 Nxe4 14.
Qxe4 f5 15. Qb1 b5 16. Be5 Bd6 17. Qb2 Bb7 18. Bxd6 Qxd6 19. d4 Rad8 20. Rac1 cxd4 21. Nxd4 Nd5 22. Bf3 Qe7 23. h3 Rd7 24. Nc6 Qf6 25. Qxf6 Rxf6 26. Bxd5 exd5 27. Nd4 f4 28. exf4 Rxf4 29.
f3 Rff7 30. Kf2 Rfe7 31. Rc5 Kf7 32. g4 g6 33. h4 Re5 34. Rdc1 Ke7 35. Rc7 Kd6 36.
Rxd7+ Kxd7 37. b4 Re8 38. a3 Kd6 39. Rc3 Re7 40. Re3 Rc7 41. Re6+ Kd7 42. Rb6 Bc8 43. Ne6 Rc2+ 44. Kg3 Rc3 45. Nf8+ Kc7 46. Rf6 Rxa3 47.
Nxh7 Ra4 48. Rxg6 Rxb4 49. Nf6 Bb7 50. h5 Rb1 51. h6 Re1 52. h7 1-0

[Event "*** Titled Tuesday Blitz"]
[Site "Chess.com"]
[Date "2021.03.09"]
[Round "2"]
[White "AliKa2810"]
[Black "iturrizaga"]
[Result "0-1"]
[WhiteElo "2535"]
[BlackElo "2837"]
[TimeControl "180+1"]
[EndTime "10:19:13 PST"]
[Termination "iturrizaga won on time"]

1. c4 b6 2. d4 Bb7 3. Nc3 Nf6 4. f3 d5 5. cxd5 Nxd5 6. Nxd5 Qxd5 7. e4 Qd7 8. Bc4 e6 9. Ne2 Be7 10. O-O O-O 11. Be3 Rd8 12. Rc1 a6 13. Qe1 Nc6 14.
Qg3 Rac8 15. a3 Na5 16. Ba2 Qb5 17. b4 Qxe2 18. Bh6 Bf6 19. e5 Qxa2 20. exf6 g6 21. bxa5 Qxa3 22. Rxc7 Bd5 23. axb6 Qb4 24. Rfc1 Qxd4+ 25. Kh1 Bb7 26. h3 Qxb6 27. Bf4 Rxc7 28. Bxc7 Qb2 29.
Rg1 Rc8 30. Be5 Qd2 31. Qh4 h5 32. Bf4 Qd5 33. Re1 Qf5 34. Be5 Bxf3 35. gxf3 Qxf3+ 36. Kg1 Rc2 0-1

[Event "*** Titled Tuesday Blitz"]
[Site "Chess.com"]
[Date "2021.03.09"]
[Round "2"]
[White "GM_Huschenbeth"]
[Black "Guzman70"]
[Result "1-0"]
[WhiteElo "2632"]
[BlackElo "2337"]
[TimeControl "180+1"]
[EndTime "10:19:13 PST"]
[Termination "GM_Huschenbeth won on time"]

1. e4 c6 2. d4 d5 3. Nc3 dxe4 4. Nxe4 Nf6 5. Nxf6+ exf6 6. c3 Bd6 7. Bd3 O-O 8.
Qc2 Re8+ 9. Ne2 h5 10. O-O Qc7 11. h3 Nd7 12. Be3 c5 13. d5 Ne5 14. c4 g6 15. Nc3 Nxd3 16. Qxd3 Bf5 17. Qd2 a6 18. Rfe1 Re7 19. Re2 Rae8 20. Rae1 Re5 21. Bf4 Rxe2 22. Rxe2 Rxe2 23. Nxe2 b5 24. Bxd6 Qxd6 25. b3 b4 26.
Ng3 Bd7 27. Ne4 Qe7 28. Qe3 Bf5 29. Nxc5 Qxe3 30. fxe3 Bb1 31. Nxa6 Bxa2 32. d6 Kf8 33. Nxb4 Bxb3 34. c5 Ba4 35. c6 Ke8 36. c7 Kd7 37.
Nd5 Bc6 38. Nb6+ 1-0

[Event "*** Titled Tuesday Blitz"]
[Site "Chess.com"]
[Date "2021.03.09"]
[Round "2"]
[White "swisspower96"]
[Black "ChampStan"]
[Result "0-1"]
[WhiteElo "2584"]
[BlackElo "2021"]
[TimeControl "180+1"]
[EndTime "10:19:14 PST"]
[Termination "ChampStan won on time"]

1. d4 Nf6 2. c4 g6 3. Nc3 d5 4. cxd5 Nxd5 5. e4 Nxc3 6. bxc3 Bg7 7. Bc4 O-O 8. Ne2 c5 9. O-O Nc6 10. Be3 Bg4 11. f3 Bd7 12. Rb1 Rc8 13. Qd2 Na5 14. Bd3 cxd4 15. cxd4 b5 16. h4 Nc4 17. Bxc4 bxc4 18. h5 Ba4 19. Rfc1 Qd7 20. Nc3 Rfd8 21. Rb4 Bc6 22. Rxc4 e6 23. e5 Bb7 24. Rxc8 Rxc8 25. Bg5 h6 26. Bf6 Bxf6 27. exf6 g5 28. f4 Rc4 29. Ne2 Qc6 30. Nc3 Rxd4 31. Qb2 Rxf4 32. Rc2 Qc5+ 33. Rf2 g4 34. Kf1 Ba6+ 0-1

[Event "*** Titled Tuesday Blitz"]
[Site "Chess.com"]
[Date "2021.03.09"]
[Round "2"]
[White "ludogoretz"]
[Black "gisela_roque"]
[Result "1-0"]
[WhiteElo "2367"]
[BlackElo "1756"]
[TimeControl "180+1"]
[EndTime "10:19:17 PST"]
[Termination "ludogoretz won on time"]

1. d4 e6 2. Bf4 Nf6 3. e3 c5 4. c3 d5 5. Nf3 Nc6 6. Nbd2 b6 7. Bb5 Bd7 8. O-O Be7 9. Qe2 O-O 10. Ne5 Nxe5 11. Bxe5 Bxb5 12. Qxb5 Bd6 13. Nf3 Bxe5 14. Nxe5 Ne4 15. f3 Nd6 16. Qd3 f6 17. Ng4 Rc8 18. e4 cxd4 19. cxd4 dxe4 20. fxe4 Qd7 21.
Rad1 Rfd8 22. e5 Nf5 23. exf6 Qxd4+ 24. Qxd4 Rxd4 25. f7+ Kf8 26. Rxd4 Nxd4 27. Ne5 Rd8 28. Kf2 Rd5 29. Re1 Nc2 30. Re2 Nd4 31. Re3 Nc2 32.
Re4 Rd2+ 33. Kg3 Nd4 34. Kh3 Nf5 35. g4 Nd6 36. Rf4 Nc8 37. g5 Ne7 38. Kg4 Ng6 39.
Nxg6+ hxg6 40. h4 Rxb2 41. Ra4 Kxf7 42. Rxa7+ Kg8 43. a3 Rb3 44. h5 gxh5+ 45. Kxh5 e5 46.
Kg6 Rf3 47. Rxg7+ 1-0

[Event "*** Titled Tuesday Blitz"]
[Site "Chess.com"]
[Date "2021.03.09"]
[Round "2"]
[White "Mazanchenko_Dmitry"]
[Black "Airquake"]
[Result "0-1"]
[WhiteElo "2138"]
[BlackElo "2603"]
[TimeControl "180+1"]
[EndTime "10:19:19 PST"]
[Termination "Airquake won by resignation"]

1. e4 c5 2. Ne2 d6 3. Nbc3 Nf6 4. g3 g6 5. Bg2 Bg7 6. d4 cxd4 7. Nxd4 O-O 8. O-O a6 9. a4 Qc7 10. a5 Nbd7 11. h3 Rb8 12. Be3 b5 13. axb6 Nxb6 14. e5 dxe5 15. Nc6 Nc4 16. Nxb8 Nxe3 17. Nxa6 Bxa6 18.
fxe3 Bxf1 19. Qxf1 Qb6 20. Qd3 Bh6 21. Ra6 Qxb2 22.
Rxf6 exf6 23. Nd5 f5 24. c4 e4 25. Qd4 Bg7 26. Qxb2 Bxb2 27. c5 Ba3 28. c6 Rc8 29. g4 Rxc6 30. gxf5 gxf5 31. Kh2 Bd6+ 32. Kg1 Kg7 33. h4 Rc2 34. Bh3 Kg6 35. h5+ Kg5 36. h6 Rh2 37. Bg2 Rxh6 38. Kf2 Rg6 39. Bf1 h5 40.
Bc4 h4 41. Nc3 Bg3+ 42. Kg2 Rc6 43. Ne2 Rxc4 44. Nxg3 hxg3 45. Kxg3 Rc3 0-1

[Event "*** Titled Tuesday Blitz"]
[Site "Chess.com"]
[Date "2021.03.09"]
[Round "2"]
[White "Reader777"]
[Black "arctic_t00"]
[Result "1-0"]
[WhiteElo "2821"]
[BlackElo "2525"]
[TimeControl "180+1"]
[EndTime "10:19:20 PST"]
[Termination "Reader777 won by checkmate"]

1. d4 Nf6 2. c4 g6 3. Nc3 Bg7 4.
e4 d6 5. f4 c5 6. d5 O-O 7.
Nf3 e6 8. Be2 exd5 9. cxd5 Bg4 10. O-O Nbd7 11. h3 Bxf3 12. Bxf3 Ne8 13. Be3 Rb8 14.
a4 a6 15. Qe2 Nc7 16. a5 b5 17. axb6 Rxb6 18. Ra2 Re8 19. Qc2 f5 20. Bf2 fxe4 21.
Nxe4 Nf6 22. Ng5 Qd7 23. Rd1 Qf5 24. Qxf5 gxf5 25. g4 Ne4 26. Nxe4 fxe4 27. Be2 e3 28. Bg3 Rxb2 29. Rxb2 Bxb2 30. Rb1 Bd4 31. Rb7 Nxd5 32. Bc4 e2+ 33. Kg2 e1=Q 34. Bxe1 Rxe1 35. Bxd5+ Kh8 36.
Rb8+ Kg7 37. Rg8+ Kf6 38. Rf8+ Kg7 39. Rg8+ Kf6 40. g5+ Kf5 41. Rf8+ Kg6 42. h4 Re7 43. f5+ Kg7 44. Rg8# 1-0

[Event "*** Titled Tuesday Blitz"]
[Site "Chess.com"]
[Date "2021.03.09"]
[Round "2"]
[White "MoonlighT89"]
[Black "OlifantCZ"]
[Result "0-1"]
[WhiteElo "2562"]
[BlackElo "2294"]
[TimeControl "180+1"]
[EndTime "10:19:20 PST"]
[Termination "OlifantCZ won by resignation"]

1. d4 Nf6 2. Bf4 g6 3. Nc3 d5 4. e3 Bg7 5. h4 h5 6. Nf3 c6 7. Ne5 Nbd7 8. Bd3 a5 9. f3 Nf8 10. Qd2 Bd7 11. O-O-O b5 12. g4 hxg4 13. fxg4 Nxg4 14.
Nxg4 Bxg4 15. Rdg1 Bh5 16. Ne2 Ne6 17. Bg3 b4 18.
Nf4 Nxf4 19. Bxf4 Qb6 20. Kb1 a4 21. Be2 a3 22. b3 c5 23. Be5 Bxe5 24. dxe5 O-O-O 25.
Rg5 Qe6 26. Bf1 f6 27. exf6 exf6 28. Bh3 f5 29. Qd3 Qe5 30. c3 Qxc3 31. Qxc3 bxc3 32. Bg2 d4 33. exd4 cxd4 34. Kc2 Rhe8 35. Bf1 Kc7 36. Bb5 Re3 37. Rh2 d3+ 38. Bxd3 Rexd3 39. Rh1 R8d4 40.
Rgg1 Kd6 41. Re1 Kd5 42. Rh2 Rd2+ 43. Rxd2 cxd2 0-1

[Event "*** Titled Tuesday Blitz"]
[Site "Chess.com"]
[Date "2021.03.09"]
[Round "2"]
[White "Diamantidis_13"]
[Black "Jospem"]
[Result "1/2-1/2"]
[WhiteElo "2371"]
[BlackElo "2930"]
[TimeControl "180+1"]
[EndTime "10:19:20 PST"]
[Termination "Game drawn by repetition"]

1. d4 Nf6 2. c4 e6 3. g3 Bb4+ 4. Bd2 Qe7 5. Bg2 O-O 6. Nc3 d6 7. Nf3 Nbd7 8. O-O Bxc3 9. Bxc3 e5 10. e3 Re8 11. Rc1 e4 12. Nd2 d5 13. cxd5 Nb6 14.
Qb3 Bf5 15. Bb4 Qd8 16. d6 cxd6 17. Ba5 d5 18. Rc3 Qd6 19. Rfc1 Qe6 20. Rc7 Rab8 21. Bxb6 axb6 22. Qb4 Bh3 23. Bxh3 Qxh3 24. Qxb6 Qf5 25. Rxb7 Ng4 26. Rf1 Rbc8 27. h3 Nf6 28. Kg2 Rc2 29. Rd1 h5 30. Rc7 Rxc7 31. Qxc7 Rc8 32. Qf4 Qd7 33.
Nb3 Rc2 34. Nc5 Qb5 35. a4 Qxb2 36. Rf1 Qa3 37. g4 h4 38. g5 Nh7 39. Qb8+ Nf8 40.
Nd7 Qxe3 41. Qxf8+ Kh7 42. Qxf7 Qg3+ 43. Kh1 Qxh3+ 44.
Kg1 Qg4+ 45. Kh2 Qg3+ 46. Kh1 Qh3+ 47. Kg1 Qg4+ 48. Kh2 Qg3+ 49. Kh1 Qh3+ 1/2-1/2

[Event "*** Titled Tuesday Blitz"]
[Site "Chess.com"]
[Date "2021.03.09"]
[Round "2"]
[White "GelmanAlexander"]
[Black "Duhless"]
[Result "0-1"]
[WhiteElo "2588"]
[BlackElo "3019"]
[TimeControl "180+1"]
[EndTime "10:19:21 PST"]
[Termination "Duhless won on time"]

1. d4 Nf6 2. Nc3 d5 3. Bf4 a6 4. e3 c5 5. Nf3 Nc6 6. Ne5 g6 7. h4 h5 8. Qd2 Bg7 9. O-O-O O-O 10. Nxc6 bxc6 11. Be5 Bh6 12. dxc5 Nd7 13. Bf4 Bg7 14. Na4 e5 15. Bh2 Rb8 16. f4 Nf6 17. fxe5 Ne4 18.
Qe1 Bg4 19. Rd4 Qe7 20. Bd3 Nxc5 21. Nxc5 Qxc5 22. Rxg4 hxg4 23. h5 Bh6 24. Bf4 Bxf4 25. exf4 Qd4 26. hxg6 Qxb2+ 27. Kd2 Qb4+ 28. Ke2 Qxe1+ 29.
Rxe1 fxg6 30. g3 Kg7 31. Ke3 c5 32. c4 Rfd8 33. cxd5 Rxd5 34. Rc1 Rb4 35. Be2 Ra4 36. Rc2 Ra3+ 37. Kf2 g5 38. Bxg4 gxf4 39. gxf4 Rd4 40. Ke2 Re4+ 41. Kd2 Rxf4 42. Be2 Rd4+ 43. Kc1 Re4 44. e6 Rxe6 45. Bc4 Re5 46. Kb2 Ra5 47. Kb3 Kf6 0-1